 Dungeon Crawl Stone Soup version 0.29.0-11-gd7f09526c8 (webtiles) character file.

Game seed: 13952149135221616574

23 SensoryNuts the Trooper (level 2, -2/24 HPs)
             Began as a Demonspawn Fighter on Sept 4, 2022.
             Slain by a hobgoblin (3 damage)
             ... on level 1 of the Dungeon.
             The game lasted 00:00:41 (678 turns).

SensoryNuts the Trooper (Demonspawn Fighter)         Turns: 678, Time: 00:00:42

Health: -2/24      AC:  6    Str: 16    XL:     2   Next: 72%
Magic:  2/2        EV:  8    Int:  9    God:
Gold:   11         SH:  4    Dex: 12    Spells: 1/1 levels left

rFire   . . .      SeeInvis .   a - +0 long sword
rCold   . . .      Faith    .   c - +0 buckler
rNeg    . . .      Spirit   .   b - +0 scale mail
rPois   .          Reflect  .   (no helmet)
rElec   .          Harm     .   (no cloak)
rCorr   .          Rampage  .   (no gloves)
Will    .....                   (no boots)
Stlth   ..........              (no amulet)
HPRegen 0.08/turn               (no ring)
MPRegen 0.08/turn               (no ring)

@: no status effects
A: claws 1
a: no special abilities


You were on level 1 of the Dungeon.
You visited 1 branch of the dungeon, and saw 1 of its levels.

You collected 11 gold pieces.

Inventory:

Hand Weapons
 a - a +0 long sword (weapon)
Armour
 b - a +0 scale mail (worn)
 c - a +0 buckler (worn)
Scrolls
 e - a scroll of teleportation {unknown}
Potions
 d - a potion of might
 f - a potion of curing {unknown}


   Skills:
 + Level 3.2 Fighting
 * Level 2.2 Long Blades
 + Level 3.0 Armour
 + Level 2.8 Shields


You had one spell level left.
You didn't know any spells.
Your spell library was empty.

Dungeon Overview and Level Annotations

Branches:
Dungeon (1/15)

Altars:


Innate Abilities, Weirdness & Mutations

You have sharp fingernails.


Message History

You are too injured to fight recklessly!
The hobgoblin attacks as you move away!
The hobgoblin hits you but does no damage.
The bat hits you but does no damage.
You see here 14 gold pieces.
The bat closely misses you. The bat attacks as you move away!
The bat barely misses you. You block the bat's attack.
The bat closely misses you. The bat attacks as you move away! The bat hits you.
The bat hits you but does no damage. You block the bat's attack.
The bat attacks as you move away! The bat completely misses you.
The bat closely misses you. The bat hits you but does no damage.
The bat hits you.
You swing at nothing.
The bat hits you but does no damage. The bat attacks as you move away!
The bat hits you but does no damage. You block the bat's attack.
The bat closely misses you.
You closely miss the bat. You block the bat's attack.
The bat hits you but does no damage. x2
You closely miss the bat. The bat hits you.
You closely miss the hobgoblin. You block the bat's attack.
The hobgoblin hits you but does no damage.
The hobgoblin barely misses you.
You barely miss the hobgoblin. The bat barely misses you.
The bat hits you but does no damage. You block the endoplasm's attack.
The hobgoblin barely misses you. The bat hits you.
You closely miss the hobgoblin. You block the bat's attack.
The endoplasm freezes you.
You are frozen.
* * * LOW HITPOINT WARNING * * *
The hobgoblin hits you but does no damage.
You barely miss the hobgoblin. The bat barely misses you.
The hobgoblin hits you but does no damage.
The endoplasm closely misses you. The endoplasm freezes you.
You are frozen.
* * * LOW HITPOINT WARNING * * *
The hobgoblin hits you.
You die...

#J.♣♣ ♣.# #..♣ +.# ##
#..♣♣ ♣.## #. #...♣♣
#..## ##. #.#b.♣♣
##†..###.. #..#†.♣♣
♣(......†#
##.##..♣♣♣♣♣♣.######..
#.JJ#.b......# ###
###g@..####### ######


You could see 2 endoplasms, a hobgoblin and a bat.

Vanquished Creatures
  A dart slug (D:1)
  3 ball pythons (D:1)
  5 bats (D:1)
  2 endoplasms (D:1)
  A giant cockroach (D:1)
  2 goblins (D:1)
  2 hobgoblins (D:1)
  A kobold (D:1)
  A rat (D:1)
18 creatures vanquished.

Notes
Turn   | Place    | Note
-------+----------+-------------------------------------------
     0 | D:1      | SensoryNuts the Demonspawn Fighter began the quest for the
                  | Orb.
     0 | D:1      | Reached XP level 1. HP: 18/18 MP: 1/1
    39 | D:1      | Discovered your monstrous ancestry.
    39 | D:1      | Gained mutation: You have sharp fingernails. [demonic
                  | ancestry]
    39 | D:1      | Reached XP level 2. HP: 18/24 MP: 2/2
   678 | D:1      | HP: 1/24 [frozen (5)]
   678 | D:1      | Slain by a hobgoblin

Illustrated notes

Levels and vault maps discovered:
D:1:      scummos_arrival_hexagon, layout_loops_ring,
          dilly_ecumenical_altar_fadedgnrine, roderic_roman_lattice,
          chequers_serial_rivers_room_b, minmay_surrounded

Skill      XL: |  1  2 |
---------------+-------+-----
Long Blades    | 2 |  2.2
Armour         | 3 |  3.0
Fighting       | |  3.2
Shields        | |  2.8

Action                   || total
-------------------------++-------
Melee: Long sword        ||    73
Armor: Scale mail        ||    54
Dodge: Dodged            ||    57
Block: Buckler           ||    30
